 Dungeon Crawl Stone Soup version 0.27-a0-1332-g84bddb5ca7 (webtiles) character file.

Game seed: 3140748054630432072

5226 avis the Transmogrifier (level 10, -8/93 HPs)
             Began as a Demigod Transmuter on June 25, 2021.
             Mangled by a two-headed ogre (29 damage)
             ... on level 8 of the Dungeon.
             The game lasted 01:04:42 (11960 turns).

avis the Transmogrifier (Demigod Transmuter)       Turns: 11960, Time: 01:04:42

Health: -8/93      AC:  7    Str: 11    XL:     10   Next: 13%
Magic:  16/19      EV: 14    Int: 15    God:
Gold:   374        SH:  0    Dex: 26    Spells: 7/17 levels left

rFire    . . .     SeeInvis .     - Unarmed
rCold    + + +     Faith    .   (shield currently unavailable)
rNeg     . . .     Spirit   .   (armour currently unavailable)
rPois    +         Reflect  .   (helmet currently unavailable)
rElec    .         Harm     .   (cloak currently unavailable)
rCorr    .         Rampage  .   (gloves currently unavailable)
Will     +....                  (boots currently unavailable)
Stlth    ++........             F - amulet of the acrobat
HPRegen  0.25/turn              n - ring of wizardry
MPRegen  0.16/turn              k - ring of protection from fire

@: ice-form
A: freezing attack, amphibious, boosted hp, large, high mp 1, forlorn
a: End Transformation


You were on level 8 of the Dungeon.
You were a creature of crystalline ice.
You visited 2 branches of the dungeon, and saw 9 of its levels.

You collected 374 gold pieces.

Inventory:

Hand Weapons
 b - a +4 hunting sling (melded)
 c - a +2 mace of holy wrath
 d - a +5 short sword of freezing
 j - the +7 great mace of Plague {drain, *Slow rC+++ Int+7}
   (You found it on level 8 of the Dungeon)

   A truly terrible weapon, it drains the life of those it strikes.
   It affects your intelligence (+7).
   It renders you almost immune to cold.
   It may slow you when you take damage.
Missiles
 h - 65 sling bullets
 L - 6 poisoned darts (quivered)
 Q - 158 stones
 S - 7 boomerangs
 T - 4 throwing nets
Armour
 a - a +0 robe (melded)
 e - a +0 pair of boots (melded)
 R - a +0 cloak (melded)
Jewellery
 k - a ring of protection from fire (right front paw)
 n - a ring of wizardry (left front paw)
 F - an amulet of the acrobat (around neck)
Wands
 N - a wand of polymorph (8)
Scrolls
 f - 2 scrolls of summoning {unknown}
 p - 2 scrolls of immolation {unknown}
 t - 2 scrolls of blinking
 u - a scroll of magic mapping
 y - a scroll of teleportation {unknown}
 A - a scroll of vulnerability {unknown}
 C - 3 scrolls of noise {unknown}
 E - a scroll of enchant armour {unknown}
 G - a scroll of brand weapon {unknown}
 O - 2 scrolls of torment {unknown}
Potions
 g - 2 potions of lignification {unknown}
 i - 4 potions of heal wounds
 l - 2 potions of brilliance
 m - 4 potions of flight
 q - 2 potions of haste
 x - 2 potions of resistance
 z - a potion of berserk rage {unknown}
 B - a potion of attraction {unknown}
 D - a potion of degeneration {unknown}


   Skills:
 - Level 4.0 Fighting
 - Level 5.0 Dodging
 - Level 8.0 Unarmed Combat
 - Level 4.0 Spellcasting
 * Level 9.6 Transmutations
 - Level 1.0 Poison Magic


You had 7 spell levels left.
You knew the following spells:

 Your Spells              Type           Power      Damage    Failure   Level
a - Beastly Appendage     Tmut           62%        N/A       1%          1
b - Wereblood             Tmut           31%        N/A       1%          2
p - Spider Form           Tmut/Pois      9%         N/A       2%          3
q - Ice Form              Ice/Tmut       17%        N/A       11%         4

Your spell library contained the following spells:

 Spells                   Type           Power      Damage    Failure   Level


Dungeon Overview and Level Annotations

Branches:
Dungeon (8/15)             Temple (1/1) D:5
   Lair: D:8-11

Shops:
D:3 [   D:8 (


Innate Abilities, Weirdness & Mutations

You are a creature of crystalline ice.
You have a powerful freezing melee attack.
You are amphibious.
Your maximum health is increased.
Your armour is entirely melded.
You are incapable of wielding weapons or throwing items.
Your attributes grow dramatically as you level up.
You have an increased reservoir of magic. (+10% MP)
You shall have no god before yourself.


Message History

Your +4 hunting sling melds into your body.
Your +0 cloak melds into your body.
Your +0 pair of boots melds into your body.
Your +0 robe melds into your body.
You hit the orc but do no damage. The orc misses you.
You hit the orc but do no damage. You hit the orc but do no damage.
The orc closely misses you.
You hit the orc. You freeze the orc.
The orc is heavily wounded.
The orc hits you with a +0 dagger.
You punch the orc! You freeze the orc.
You kill the orc!
You punch the two-headed ogre! You freeze the two-headed ogre.
The two-headed ogre is lightly wounded.
The two-headed ogre completely misses you.
The two-headed ogre barely misses you.
You completely miss the two-headed ogre.
The two-headed ogre is lightly wounded.
You hit the two-headed ogre but do no damage.
The two-headed ogre is lightly wounded.
The two-headed ogre closely misses you.
The two-headed ogre hits you with a +0 giant spiked club.
You hit the two-headed ogre. You freeze the two-headed ogre.
The two-headed ogre is moderately wounded.
The two-headed ogre hits you with a +0 giant club!!
The two-headed ogre barely misses you.
You completely miss the two-headed ogre.
The two-headed ogre is moderately wounded.
You hit the two-headed ogre. You freeze the two-headed ogre.
The two-headed ogre is moderately wounded.
The two-headed ogre hits you with a +0 giant club!
The two-headed ogre hits you with a +0 giant spiked club!
You hit the two-headed ogre. You freeze the two-headed ogre.
The two-headed ogre is heavily wounded.
You hit the two-headed ogre but do no damage.
The two-headed ogre is heavily wounded.
The two-headed ogre hits you with a +0 giant club!!
* * * LOW HITPOINT WARNING * * *
The two-headed ogre hits you with a +0 giant spiked club!!
You die...

. ##...#.##.########
##..#.##.# ##......#
.#.#.#### .#.#.# +
.+.#.# #Z .#.#<# #.#
### ##O#.#.#
#.###)###Y####+#
#.#...#.## ...
##.....## .zc..
###.....###...#.#..
##.....####....#.#...
##.#####.##....##.##...
##.##.#.....#^#=...#.⌠_
F..+ ##.#
#..###..#..Z..# ##.#
#.#...#.#....


You could see a two-headed ogre.

Vanquished Creatures
  Harold (D:7)
  A two-headed ogre (D:8)
  Pikel (D:3)
  A centaur zombie (D:5)
  Joseph (D:7)
  Sigmund (D:3)
  A wyvern (D:8)
  3 water moccasins
  2 orc warriors
  2 sky beasts
  An ogre (D:6)
  A centaur (D:6)
  A lemure (D:3)
  A phantom (D:6)
  A kobold brigand (D:6)
  3 bullfrogs (D:6)
  3 scorpions
  A water moccasin skeleton (D:6)
  A wyvern skeleton (D:7)
  4 wights
  2 howler monkeys (D:6)
  2 bullfrog zombies (D:5)
  3 centaur skeletons
  A gnoll shaman (D:7)
  6 orc priests
  3 hounds
  A jelly (D:8)
  A bullfrog skeleton (D:6)
  Natasha (twice) (D:3)
  3 orc wizards
  A killer bee zombie (D:6)
  A howler monkey zombie (D:8)
  7 adders
  5 gnolls
  An ufetubus (D:3)
  An adder skeleton (D:4)
  A worm (D:4)
  A dart slug (D:2)
  21 orcs
  4 endoplasms
  2 giant cockroaches
  3 goblins
  5 hobgoblins
  15 jackals
  2 quokkas
  3 ball pythons
  A bat (D:1)
  2 frilled lizards (D:2)
  12 kobolds
  2 rats
145 creatures vanquished.

Notes
Turn   | Place    | Note
-------+----------+-------------------------------------------
     0 | D:1      | avis the Demigod Transmuter began the quest for the Orb.
     0 | D:1      | Reached XP level 1. HP: 15/15 MP: 5/5
   568 | D:1      | Reached XP level 2. HP: 18/22 MP: 5/7
  1357 | D:1      | Reached XP level 3. HP: 6/27 MP: 6/8
  1361 | D:1      | Learned a level 3 spell: Spider Form
  1620 | D:1      | Reached skill level 2 in Transmutations
  1989 | D:2      | Reached skill level 1 in Poison Magic
  2009 | D:2      | Reached skill level 1 in Fighting
  2144 | D:2      | You fall into a shaft and drop 1 floor!
  2482 | D:3      | Noticed Natasha
  2487 | D:3      | Killed Natasha
  2488 | D:3      | Reached XP level 4. HP: 36/36 MP: 9/9
  2533 | D:3      | Found Hecukeorgh's Antique Armour Boutique.
  2582 | D:3      | Noticed Sigmund
  2689 | D:3      | Killed Sigmund
  2690 | D:3      | Reached skill level 5 in Unarmed Combat
  2690 | D:3      | Reached XP level 5. HP: 41/45 MP: 7/10
  3156 | D:3      | Noticed Natasha
  3163 | D:3      | Killed Natasha
  3489 | D:4      | Noticed Pikel
  3497 | D:3      | Reached XP level 6. HP: 51/51 MP: 7/11
  3668 | D:3      | Killed Pikel
  3669 | D:3      | Reached XP level 7. HP: 18/57 MP: 10/12
  4544 | D:5      | Entered Level 5 of the Dungeon
  4624 | D:5      | Reached skill level 5 in Dodging
  5274 | D:5      | Reached XP level 8. HP: 50/66 MP: 6/13
  6041 | D:5      | Found a staircase to the Ecumenical Temple.
  6047 | Temple   | Entered the Ecumenical Temple
  6063 | Temple   | Learned a level 4 spell: Ice Form
  6066 | Temple   | Learned a level 2 spell: Wereblood
  6521 | D:6      | Reached skill level 3 in Transmutations
  6948 | D:6      | Reached skill level 4 in Transmutations
  7293 | D:6      | Noticed a spectral ugly thing
  7582 | D:6      | Reached skill level 5 in Transmutations
  8207 | D:6      | Reached XP level 9. HP: 50/71 MP: 16/18
  9268 | D:7      | Reached skill level 6 in Transmutations
  9324 | D:7      | Noticed Joseph
  9342 | D:7      | Killed Joseph
  9632 | D:7      | Reached skill level 7 in Transmutations
 10303 | D:7      | Noticed Harold
 10321 | D:7      | Killed Harold
 10322 | D:7      | Reached skill level 8 in Transmutations
 11158 | D:8      | Found Paomu's Antique Weapon Shoppe.
 11246 | D:8      | Noticed a two-headed ogre
 11264 | D:8      | Killed a two-headed ogre
 11265 | D:8      | Reached skill level 9 in Transmutations
 11265 | D:8      | Reached XP level 10. HP: 30/78 MP: 14/19
 11616 | D:8      | Identified the +7 great mace of Plague {drain, *Slow rC+++
                  | Int+7}
 11946 | D:8      | Noticed a two-headed ogre
 11960 | D:8      | Mangled by a two-headed ogre

Illustrated notes

Levels and vault maps discovered:
D:1:      dpeg_arrival_rooms_b, layout_loops_corners, roderic_roman_lattice
D:2:      layout_rooms, chequers_ecumenical_altar_simple_redux
D:3:      layout_loops_corners, serial_shops, shop_statue, uniq_sigmund,
          uniq_natasha
D:4:      layout_basic, overflow_temple_1_default, uniq_pikel
D:5:      layout_loops_corners, minmay_temple_entry_fiery,
          uniq_crazy_yiuf_cottage
D:6:      layout_basic, grunt_temple_overflow_growth_and_decay,
          regret_index_temple_of_mockery
D:7:      layout_basic, kennysheep_generic_room_11, uniq_harold, uniq_joseph
D:8:      minmay_the_grid_octo_triangle [minmay_the_grid_octo_concentric,
          minmay_the_grid_octo_prize_ultimate_mussel_roller,
          minmay_the_grid_octo_vomiting_pacman], layout_loops_corners,
          tso_metal_star, overflow_temple_1_default, serial_shops, shop
Temple:   nicolae_temple_god_jail

Skill      XL: |  1  2  3  4  5  6  7  8  9 |
---------------+----------------------------+-----
Unarmed Combat | 3 4 5 7 8 |  8.0
Transmutations | 2 5 9 |  9.6
Poison Magic   | 1 |  1.0
Fighting       | 2 3 4 |  4.0
Dodging        | 3 5 |  5.0
Spellcasting   | 4 |  4.0

Action                   |  1- 3 |  4- 6 |  7- 9 | 10-12 || total
-------------------------+-------+-------+-------+-------++-------
Melee: Unarmed           |   100 |    33 |   297 |    33 ||   463
       Kick              |    19 |     1 |    13 |       ||    33
       Headbutt          |    13 |       |     6 |       ||    19
       Punch             |     2 |       |       |       ||     2
 Fire: Hunting sling     |     8 |    11 |    86 |     1 ||   106
Throw: Dart              |       |       |     2 |       ||     2
 Cast: Beastly Appendage |    30 |     2 |    12 |       ||    44
       Spider Form       |       |     6 |    51 |     1 ||    58
       Ice Form          |       |       |       |     3 ||     3
  Use: Scroll            |       |       |     8 |       ||     8
 Stab: Sleeping          |       |       |     2 |     1 ||     3
Armor: Robe              |    19 |     2 |    12 |       ||    33
       Skin              |       |     2 |     9 |       ||    11
Dodge: Dodged            |    78 |    42 |   327 |    20 ||   467

Table legend: (Time is in decaauts)
 A = Elapsed time spent in this place.
 B = Non-inter-level travel time spent in this place.
 C = Inter-level travel time spent in this place.
 D = Time resting spent in this place.
 E = Time spent auto-exploring this place.
 F = Levels seen in this place.
 G = Mean time per level.
                   A        B        C        D        E       F      G
               +--------+--------+--------+--------+--------+-----+--------+
         Total |  11948 |  11044 |    904 |   4024 |   4691 |   9 | 1327.6 |
       Dungeon |  11896 |  10993 |    903 |   4024 |   4691 |   8 | 1487.0 |
        Temple |     51 |     50 |      1 |      0 |      0 |   1 |   51.0 |
               +--------+--------+--------+--------+--------+-----+--------+

Top non-repeatable levels by time:
     D:6: 2636 daAuts
     D:7: 1879 daAuts
     D:1: 1859 daAuts
     D:5: 1621 daAuts
     D:3: 1566 daAuts
     D:4: 1084 daAuts
     D:8: 851 daAuts
     D:2: 396 daAuts
  Temple: 51 daAuts
